 Dungeon Crawl Stone Soup version 0.17.1-3-g152610e (webtiles) character file.

357 Furikabute the Ducker (level 6, 0/61 HPs)
             Began as a Troll Fighter on Feb 17, 2016.
             Killed by divine providence
             ... invoked by an orc priest
              (16 damage)
             ... on level 4 of the Dungeon.
             The game lasted 00:40:56 (3101 turns).

Furikabute the Ducker (Troll Fighter)               Turns: 3101, Time: 00:40:56

Health: 0/61       AC:  6    Str: 26      XL:     6   Next: 37%
Magic:  5/5        EV:  8    Int:  4      God:    Xom [......]
Gold:   188        SH:  9    Dex:  7 (10) Spells: 0 memorised, 5 levels left

rFire  + . .     SeeInvis .     i - +0 spear
rCold  . . .     Clarity  .     s - +0 robe
rNeg   . . .     SustAt   .     c - +0 shield
rPois  .         Gourm    +     (helmet restricted)
rElec  .         Spirit   .     h - +0 cloak
rCorr  .         Warding  .     (gloves unavailable)
rMut   .         Stasis   .     (boots unavailable)
MR     .....                    (no amulet)
Stlth  +.........               (no ring)
                                o - ring of protection from fire

@: about to teleport, not resistant to hostile enchantments, very unstealthy
A: unfitting armour, claws 3, fast metabolism 3, gourmand, regeneration 2,
shaggy fur 1, tough skin 2
a: Renounce Religion


You were on level 4 of the Dungeon.
You worshipped Xom.
You were a very special plaything of Xom.
You were not hungry.

You visited 1 branch of the dungeon, and saw 4 of its levels.
You also visited: Sewer.

You collected 188 gold pieces.

Inventory:

Hand Weapons
 i - a +0 spear (weapon)
Missiles
 k - 12 arrows of flame (quivered)
Armour
 b - a +0 robe
 c - a +0 shield (worn)
 h - a +0 cloak (worn)
 s - a +0 robe (worn)
Jewellery
 o - a ring of protection from fire (left claw)
Scrolls
 a - a scroll of remove curse
 g - 2 scrolls of fog
 j - 3 scrolls of teleportation
 p - 3 scrolls of identify
 q - a scroll of magic mapping
 r - a scroll of recharging
 u - a scroll of fear
Potions
 l - 2 potions of brilliance
Comestibles
 e - 2 bread rations
 f - 2 meat rations
 m - a chunk of flesh
 n - a slice of pizza
 v - 2 fruits


   Skills:
 + Level 3.3 Fighting
   Level 1.8 Maces & Flails
 + Level 1.1 Polearms
 + Level 4.6 Dodging
 + Level 0.1 Stealth
 + Level 3.4 Shields


You had 5 spell levels left.
You didn't know any spells.

Dungeon Overview and Level Annotations

Branches:
Dungeon (4/15)
 Temple: D:4-7

Altars:
Ashenzari
Ru
Sif Muna
Xom


Innate Abilities, Weirdness & Mutations

You are too large for most types of armour.
You have claws for hands.
Your metabolism is lightning-fast.
You like to eat raw meat.
You heal very quickly.
You are covered in fur (AC +1).
You have very tough skin (AC +2).


Message History

The orc priest is moderately wounded.
You block the orc priest's attack. x2
You hit the orc priest.
The orc priest is severely wounded.
The orc priest hits you with a falchion.
The orc priest completely misses you.
You hit the orc priest but do no damage.
The orc priest is severely wounded.
The orc priest hits you with a falchion.
The orc priest calls down the wrath of Beogh upon you.
Pain shoots through your body!
* * * LOW HITPOINT WARNING * * *
You are too injured to fight recklessly!
Read which item? (? for menu, Esc to quit)
As you read the scroll of teleportation, it crumbles to dust.
You feel strangely unstable.
The orc priest invokes the aid of Beogh against you.
Something smites you!
You die...
Xom laughs nastily!

### . #### #.. ..
...# #.# ...
##..###[### ..Z.
......)...#.....
..####...@#.o.....
#......#.oo# ..#
#..#o#
#........... ..
#........... ##.#
............. ...#
....######....o
... ...# .#### .#
... #


You could see 2 orc priests and an orc.

Vanquished Creatures
  A hound (D:4)
  6 adders
  7 river rats (Sewer)
  3 oozes (Sewer)
  5 worms
  3 giant geckos
  5 orcs
  2 giant cockroaches
  5 hobgoblins
  7 kobolds (D:1)
  3 quokkas
  12 ball pythons
  2 bats
  8 giant newts
  8 goblins
  33 rats
110 creatures vanquished.

Vanquished Creatures (collateral kills)
  2 giant frogs (Sewer)
  An ooze (Sewer)
3 creatures vanquished.

Grand Total: 113 creatures vanquished

Notes
Turn   | Place    | Note
--------------------------------------------------------------
     0 | D:1      | Furikabute the Troll Fighter began the quest for the Orb.
     0 | D:1      | Reached XP level 1. HP: 22/22 MP: 0/0
   201 | D:1      | Reached XP level 2. HP: 29/29 MP: 1/1
   707 | D:2      | Reached XP level 3. HP: 36/36 MP: 2/2
   897 | D:2      | Reached skill level 3 in Dodging
  1219 | D:2      | Found a shimmering altar of Xom.
  1245 | D:2      | Found a deep blue altar of Sif Muna.
  1265 | D:2      | Became a worshipper of Xom of Chaos
  1271 | D:2      | XOM: divination: detect creatures
  1276 | D:2      | XOM: divination: detect creatures
  1549 | D:3      | Found a glowing drain.
  1589 | Sewer    | Entered a sewer
  1616 | Sewer    | Upgraded the game from 0.17.1-2-g5865329 to 0.17.1-3-g152610e
  1630 | Sewer    | Reached XP level 4. HP: 45/45 MP: 3/3
  1781 | Sewer    | XOM: mild Erth miscast
  1826 | Sewer    | XOM: colour smoke trail
  1831 | Sewer    | XOM: god gift: 12 arrows of flame
  1990 | Sewer    | XOM: god gift: 46 gold pieces
  1995 | Sewer    | Reached XP level 5. HP: 29/53 MP: 4/4
  2005 | Sewer    | XOM: cast spell 'Beastly Appendage'
  2025 | Sewer    | XOM: potion effect (berserk rage)
  2176 | Sewer    | Reached skill level 4 in Dodging
  2185 | Sewer    | Reached skill level 1 in Polearms
  2207 | Sewer    | Noticed a giant frog
  2207 | Sewer    | Noticed a giant frog
  2207 | Sewer    | XOM: summons 5 friendly demons
  2211 | Sewer    | Killed a giant frog
  2224 | Sewer    | Killed a giant frog
  2224 | Sewer    | Reached XP level 6. HP: 19/61 MP: 5/5
  2514 | D:3      | XOM: silly message
  2528 | D:3      | XOM: summons 2 hostile shadow creatures
  2547 | D:3      | Found a shattered altar of Ashenzari.
  2572 | D:3      | XOM: summons 1 hostile demon
  2619 | D:3      | Found a sacrificial altar of Ru.
  3081 | D:4      | XOM: 1-stop teleportation journey
  3093 | D:4      | XOM: confusion (+ monsters)
  3101 | D:4      | Killed from afar by an orc priest

Action                   |  1- 3 |  4- 6 || total
-------------------------+-------+-------++-------
Melee: Flail             |    16 |       ||    16
       Spear             |   232 |   366 ||   598
  Use: Scroll            |     5 |     6 ||    11
       Potion            |     1 |    10 ||    11
 Stab: Sleeping          |     1 |       ||     1
  Eat: Chunk             |     8 |    17 ||    25
       Bread ration      |     1 |       ||     1
